 Dungeon Crawl Stone Soup version 0.24-a0-451-g263dff2034 (webtiles) character file.

Game seed: 16356900488278602785

6951 Mrkan the Grappler (level 10, 0/98 HPs)
             Began as a Troll Monk on June 26, 2019.
             Was a High Priest of Makhleb.
             Slain by Nergalle
             ... wielding a +0 dagger
              (4 damage)
             ... on level 10 of the Dungeon.
             The game lasted 00:16:44 (7567 turns).

Mrkan the Grappler (Troll Monk)                     Turns: 7567, Time: 00:16:44

Health: 0/98       AC:  8    Str: 26    XL:     10   Next: 80%
Magic:  9/9        EV:  9    Int:  8    God:    Makhleb [*****.]
Gold:   422        SH: 17    Dex: 13    Spells: 9/9 levels left

rFire    . . .     SeeInvis .     - Unarmed
rCold    . . .     Gourm    +   D - +1 large shield
rNeg     . . .     Faith    .   a - +0 robe
rPois    .         Spirit   .   (helmet restricted)
rElec    .         Reflect  .   B - +1 cloak {MR+}
rCorr    .         Harm     .   (gloves unavailable)
MR       +....                  (boots unavailable)
Stlth    +.........             t - amulet of regeneration
HPRegen  1.06/turn              u - +3 ring of evasion
MPRegen  0.11/turn              (no ring)

@: mighty, flying, very heavily drained
A: large, unfitting armour, claws 3, fast metabolism 3, gourmand, regeneration
1, shaggy fur 1, tough skin 3
a: Minor Destruction, Lesser Servant of Makhleb, Major Destruction, Greater
Servant of Makhleb, Renounce Religion


You were on level 10 of the Dungeon.
You worshipped Makhleb.
Makhleb was extremely pleased with you.
You were completely stuffed.

You visited 1 branch of the dungeon, and saw 10 of its levels.

You collected 624 gold pieces.
You spent 202 gold pieces at shops.

Inventory:

Hand Weapons
 c - a +0 morningstar
 p - a +2 demon whip of flaming
 s - a +1 giant spiked club
Missiles
 d - 3 silver boomerangs
 f - 41 poisoned darts (quivered)
 F - 7 boomerangs of dispersal
Armour
 a - a +0 robe (worn)
 B - a +1 cloak of magic resistance (worn)
 D - a +1 large shield (worn)
Jewellery
 e - an uncursed ring of positive energy
 t - an amulet of regeneration (around neck)
 u - a +3 ring of evasion (left claw)
 G - an uncursed ring of resist corrosion {unknown}
 L - an uncursed amulet of faith {unknown}
Wands
 l - a wand of polymorph (9)
 m - a wand of iceblast (3)
 y - a wand of enslavement (6)
 C - a wand of digging (4)
 J - a wand of paralysis (6)
Scrolls
 h - a scroll of remove curse
 i - 2 scrolls of amnesia
 j - 2 scrolls of magic mapping
 n - a scroll of fog
 w - 3 scrolls of teleportation
 x - 4 scrolls of enchant weapon
 E - 2 scrolls of identify
 K - a scroll of torment {unknown}
Potions
 g - a potion of ambrosia {unknown}
 k - 7 potions of curing
 o - 2 potions of agility {unknown}
 q - 3 potions of flight
 r - 4 potions of mutation
 v - 2 potions of brilliance {unknown}
 A - a potion of magic {unknown}
 H - 2 potions of haste {unknown}
Comestibles
 b - 21 rations
 I - 2 chunks of flesh


   Skills:
 - Level 6.1(2.4) Fighting
 - Level 2.4(0.0) Dodging
 - Level 1.0(0.0) Stealth
 * Level 9.9(5.7) Shields
 - Level 10.1(5.9) Unarmed Combat


You had 9 spell levels left.
You didn't know any spells.
Your spell library contained the following spells:

 Spells                   Type           Power        Failure   Level  Hunger
 Magic Dart               Conj           #...         97%         1    ##.....
 Blink                    Tloc           N/A          99%         2    ###....
 Call Imp                 Summ           #.......     99%         2    ###....
 Slow                     Hex            #.......     99%         2    ###....
 Conjure Flame            Conj/Fire      #.......     100%        3    ####...
 Mephitic Cloud           Conj/Pois/Air  #.......     100%        3    ####...
 Bolt of Magma            Conj/Fire/Erth #.........   100%        5    ######.
 Iskenderun's Battlesphe  Conj/Chrm      #.......     100%        5    ######.
 Venom Bolt               Conj/Pois      #.........   100%        5    ######.
 Iron Shot                Conj/Erth      #.........   100%        6    #######
 Orb of Destruction       Conj           #.........   100%        7    #######
 Spellforged Servitor     Conj/Summ      #.........   100%        7    #######


Dungeon Overview and Level Annotations

Branches:
Dungeon (10/15)            Temple (0/1) D:4
   Lair: D:8-11         Orc: D:9-12

Altars:
Cheibriados
Kikubaaqudgha
Makhleb
Qazlal
Trog
Yredelemnul
Zin

Shops:
D:5 [   D:8 [

Annotations:
D:5 2 transporters, Lexodia's ghost, novice GnTm
D:10 Nergalle


Innate Abilities, Weirdness & Mutations

You are too large for most types of armour.
You have claws for hands.
Your metabolism is lightning-fast.
You like to eat raw meat.
Your natural rate of healing is unusually fast.
You are covered in fur. (AC +1)
You have extremely tough skin. (AC +3)


Message History

Nergalle is almost dead.
You block the spectral orc warrior's attack.
Nergalle casts a spell at you. The bolt of negative energy hits you!
You feel drained.
* * * LOW HITPOINT WARNING * * *
You scratch Nergalle but do no damage.
Nergalle is almost dead.
You block the spectral orc warrior's attack. x2
The spectral orc warrior barely misses you.
You block Nergalle's attack.
Unknown command.
It was a potion of flight.
You feel very buoyant.
You fly up into the air.
The spectral orc warrior is no longer moving quickly.
You block the spectral orc warrior's attack.
The spectral orc warrior hits you but does no damage. x2
Nergalle grimaces horribly.
Nergalle hits you with a +0 dagger.
You die...

#.............###....
#....###.####.....##.
#....# #.............
###....######..###.....
##..............##..#(#.
...##....######.........
#####....#######.Z.#####
..#...........ZoZ###
....#....#######@#
..###.....######Z## ..#
#..........ZZ.###### ..#
#....####...#......# ..#
# #.########..# ..# $..
..# ..## ### #


You could see Nergalle, a spectral orc, 4 spectral orc warriors and a spectral
orc knight.

Vanquished Creatures
  Harold (D:7)
  Erica (D:10)
  A two-headed ogre (D:8)
  Sigmund (D:5)
  8 yaks
  A wyvern (D:9)
  Eustachio (D:4)
  An ice beast (D:10)
  A black bear (D:8)
  5 sky beasts
  An orc warrior (D:9)
  4 ogres
  2 phantoms
  3 centaurs
  Blork the orc (D:6)
  2 big kobolds
  2 bullfrogs
  A scorpion (D:6)
  8 howler monkeys
  3 crimson imps
  3 hounds
  A quasit (D:9)
  A centaur zombie (D:6)
  A bullfrog skeleton (D:4)
  2 jellies
  6 orc priests (D:8)
  A centaur skeleton (D:8)
  2 orc wizards (D:6)
  Jessica (D:2)
  4 iguanas
  5 worker ants
  A hound skeleton (D:9)
  A howler monkey zombie (D:5)
  Robin (D:4)
  8 gnolls
  10 adders
  A shadow imp (D:9)
  An adder skeleton (D:4)
  4 worms (D:3)
  4 dart slugs
  9 leopard geckos
  20 orcs
  3 ball pythons
  4 giant cockroaches
  19 goblins
  7 hobgoblins
  16 kobolds
  3 quokkas
  4 bats
  3 frilled lizards
  12 rats
206 creatures vanquished.

Notes
Turn   | Place    | Note
-------+----------+-------------------------------------------
     0 | D:1      | Mrkan the Troll Monk began the quest for the Orb.
     0 | D:1      | Reached XP level 1. HP: 22/22 MP: 0/0
    30 | D:1      | Reached XP level 2. HP: 14/29 MP: 1/1
   550 | D:1      | Reached XP level 3. HP: 33/36 MP: 2/2
   903 | D:2      | Reached skill level 4 in Unarmed Combat
  1087 | D:2      | Noticed Jessica
  1099 | D:2      | Killed Jessica
  1099 | D:2      | Reached XP level 4. HP: 32/45 MP: 3/3
  1126 | D:2      | Found a burning altar of Makhleb.
  1134 | D:2      | Became a worshipper of Makhleb the Destroyer
  1134 | D:2      | Reached * piety under Makhleb
  1134 | D:2      | Reached ** piety under Makhleb
  1178 | D:2      | Found a snail-covered altar of Cheibriados.
  1801 | D:3      | Noticed a moth of wrath
  1804 | D:3      | Found a bloodstained altar of Trog.
  1849 | D:3      | Reached skill level 5 in Unarmed Combat
  1961 | D:3      | Reached XP level 5. HP: 50/53 MP: 4/4
  2285 | D:4      | Noticed an ogre
  2293 | D:4      | Killed an ogre
  2303 | D:4      | Noticed Robin
  2312 | D:4      | Killed Robin
  2312 | D:4      | Reached XP level 6. HP: 62/62 MP: 5/5
  2319 | D:4      | Reached *** piety under Makhleb
  2409 | D:4      | Noticed Eustachio
  2566 | D:4      | Killed Eustachio
  2566 | D:4      | Reached skill level 6 in Unarmed Combat
  2682 | D:4      | Found a staircase to the Ecumenical Temple.
  2772 | D:4      | Reached XP level 7. HP: 62/70 MP: 6/6
  2877 | D:4      | Reached skill level 7 in Unarmed Combat
  3078 | D:5      | Entered Level 5 of the Dungeon
  3078 | D:5      | Noticed a hungry ghost
  3086 | D:5      | Found a transporter.
  3086 | D:5      | Noticed Lexodia's ghost (novice GnTm)
  3102 | D:5      | Found a transporter.
  3120 | D:5      | Found Rugg's Antique Armour Shoppe.
  3407 | D:5      | Reached skill level 8 in Unarmed Combat
  3461 | D:5      | Reached **** piety under Makhleb
  3461 | D:5      | Reached skill level 5 in Fighting
  3800 | D:5      | Reached XP level 8. HP: 80/80 MP: 7/7
  3806 | D:5      | Noticed Sigmund
  3813 | D:5      | Killed Sigmund
  4018 | D:6      | Reached skill level 9 in Unarmed Combat
  4071 | D:6      | Found a stormy altar of Qazlal.
  4073 | D:6      | Found a snail-covered altar of Cheibriados.
  4087 | D:6      | Noticed Blork the orc
  4097 | D:6      | Killed Blork the orc
  4114 | D:6      | Found a basalt altar of Yredelemnul.
  4119 | D:6      | Found a bloodstained altar of Trog.
  4384 | D:6      | Found a glowing silver altar of Zin.
  4388 | D:6      | Found an ancient bone altar of Kikubaaqudgha.
  4583 | D:5      | Bought a shiny large shield for 202 gold pieces
  4721 | D:7      | Reached skill level 10 in Unarmed Combat
  4724 | D:7      | Reached XP level 9. HP: 87/89 MP: 8/8
  4839 | D:7      | Reached skill level 1 in Shields
  5289 | D:7      | Noticed Harold
  5310 | D:7      | Killed Harold
  5639 | D:8      | Reached skill level 5 in Shields
  5904 | D:8      | Found Hoek's Antique Armour Boutique.
  5920 | D:8      | Noticed a two-headed ogre
  5928 | D:8      | Killed a two-headed ogre
  5928 | D:8      | Reached XP level 10. HP: 98/98 MP: 9/9
  7194 | D:10     | Entered Level 10 of the Dungeon
  7266 | D:10     | Reached ***** piety under Makhleb
  7397 | D:10     | Noticed Erica
  7409 | D:10     | Killed Erica
  7487 | D:10     | Noticed Nergalle
  7565 | D:10     | HP: 2/98 [Nergalle/bolt of negative energy (14)]
  7567 | D:10     | Slain by Nergalle

Levels and vault maps discovered:
D:1:      wander_arrival_fairy_ring, layout_loops_corners
D:2:      cheibrodos_helix_gallery, layout_loops_corners, lemuel_crystal_altar,
          kennysheep_slug_shrine, uniq_jessica
D:3:      layout_rooms, first_ration, tgw_trog
D:4:      layout_loops_ring, temple_doors_e, chequers_garden, uniq_robin,
          uniq_eustachio
D:5:      minmay_diamond_boxcup, layout_basic, serial_shops,
          nicolae_shop_overgrown_old_shop, gammafunk_ghost_mausoleum,
          uniq_sigmund
D:6:      layout_cave_pools, nicolae_overflow_hidden_temple, minitemple,
          minivault_19, uniq_blork_the_orc
D:7:      layout_layer_cave, uniq_harold
D:8:      layout_gridville, serial_shops, nicolae_shop_overgrown_old_shop
D:9:      layout_gridville, grunt_pizzeria, minivault_25
D:10:     layout_rooms, lair_entry_dummy, enter_bailey_3,
          hangedman_decor_growths, uniq_nergalle, uniq_erica

Skill      XL: |  1  2  3  4  5  6  7  8  9 10 |
---------------+-------------------------------+-----
Unarmed Combat | 4 5 6 8 10 | 10.1
Fighting       | 3 4 5 6 |  6.1
Shields        | 7 9 |  9.9
Dodging        | |  2.4
Stealth        | |  1.0

Action                   |  1- 3 |  4- 6 |  7- 9 | 10-12 || total
-------------------------+-------+-------+-------+-------++-------
Melee: Unarmed           |    76 |   169 |   256 |   180 ||   681
       Punch             |     1 |     7 |     4 |       ||    12
Invok: Minor Destruction |       |     1 |     1 |       ||     2
  Use: Scroll            |       |       |    16 |     1 ||    17
       Potion            |       |       |       |     3 ||     3
 Stab: Sleeping          |     1 |     2 |     4 |       ||     7
  Eat: Chunk             |    15 |    16 |    29 |    15 ||    75
Armor: Robe              |    21 |    86 |    53 |    38 ||   198
Dodge: Dodged            |    44 |   120 |    91 |    50 ||   305
Block: Large shield      |       |       |   136 |   179 ||   315

Table legend:
 A = Non-vault XP
 B = Vault XP
 C = Vault XP percentage of total XP
 D = Non-vault monster count
 E = Vault monster count
 F = Vault count percentage of total count
                 A         B        C        D         E       F
            +---------+---------+-------+---------+---------+-------
      Total |    7036 |    2895 |  29.2 |     172 |      34 |  16.5
            +---------+---------+-------+---------+---------+-------
        D:1 |      48 |       0 |   0.0 |      19 |       0 |   0.0
        D:2 |      52 |      44 |  45.8 |      16 |       4 |  20.0
        D:3 |      85 |      17 |  16.7 |      20 |       5 |  20.0
        D:4 |     354 |     237 |  40.1 |      12 |      13 |  52.0
        D:5 |     469 |     454 |  49.2 |      20 |       8 |  28.6
        D:6 |     678 |      99 |  12.7 |      12 |       1 |   7.7
        D:7 |     572 |    1007 |  63.8 |      14 |       1 |   6.7
        D:8 |    1703 |       0 |   0.0 |      26 |       0 |   0.0
        D:9 |    1650 |     125 |   7.0 |      20 |       1 |   4.8
       D:10 |    1425 |     912 |  39.0 |      13 |       1 |   7.1
            +---------+---------+-------+---------+---------+-------
